 Dungeon Crawl Stone Soup version 0.24-a0-335-g06ca16a (webtiles) character file.

Game seed: 3793065578493111109

109 Borgoz the Cudgeler (level 4, -3/27 HPs)
             Began as a Gargoyle Gladiator on May 19, 2019.
             Slain by an orc
             ... wielding a +0 hand axe
              (4 damage)
             ... on level 2 of the Dungeon.
             The game lasted 00:01:27 (1357 turns).

Borgoz the Cudgeler (Gargoyle Gladiator)            Turns: 1357, Time: 00:01:27

Health: -3/27      AC:  7    Str: 17    XL:     4   Next: 90%
Magic:  4/4        EV: 13    Int:  9    God:
Gold:   26         SH:  0    Dex: 12    Spells: 3/3 levels left

rFire    . . .     SeeInvis .   a - +0 flail
rCold    . . .     Gourm    .   (no shield)
rNeg     + . .     Faith    .   b - +0 leather armour
rPois    ∞         Spirit   .   c - +0 helmet
rElec    +         Reflect  .   (no cloak)
rCorr    .         Harm     .   (no gloves)
MR       .....                  (no boots)
Stlth    +.........             (no amulet)
HPRegen  0.09/turn              (no ring)
MPRegen  0.09/turn              (no ring)

@: no status effects
A: negative energy resistance 1, electricity resistance, unbreathing,
petrification resistance, rot immunity, AC +3
a: no special abilities


You were on level 2 of the Dungeon.
You were not hungry.

You visited 1 branch of the dungeon, and saw 3 of its levels.

You collected 26 gold pieces.

Inventory:

Hand Weapons
 a - a +0 flail (weapon)
Missiles
 d - 3 throwing nets (quivered)
Armour
 b - a +0 leather armour (worn)
 c - a +0 helmet (worn)
Jewellery
 q - an uncursed ring of protection from magic {unknown}
Scrolls
 e - a scroll of amnesia {unknown}
 h - a scroll of magic mapping {unknown}
 i - a scroll of enchant armour {unknown}
 j - 3 scrolls of identify {unknown}
 l - 3 scrolls of remove curse {unknown}
 m - a scroll of noise {unknown}
 o - a scroll of random uselessness {unknown}
Potions
 g - a potion of cancellation {unknown}
 k - a potion of agility {unknown}
 p - 3 potions of lignification {unknown}
Comestibles
 f - 3 rations
 n - 3 chunks of flesh


   Skills:
 + Level 2.9 Fighting
 * Level 3.9 Maces & Flails
 - Level 1.7 Throwing
 + Level 1.5 Armour
 * Level 3.3 Dodging


You had 3 spell levels left.
You didn't know any spells.
Your spell library was empty.

Dungeon Overview and Level Annotations

Branches:
Dungeon (3/15)

Altars:


Innate Abilities, Weirdness & Mutations

You are resistant to torment.
Your stone body is resilient. (AC +3)
You are immune to poison.
You resist negative energy. (rN+)
You are resistant to electric shocks. (rElec)
You can survive without breathing.
You are immune to petrification.
You are immune to rotting.


Message History

There is a stone staircase leading up here.
Something hits you but does no damage. The orc misses you.
Something hits you but does no damage.
The orc priest mumbles some strange prayers to Beogh against you.
Beogh smites you!
* * * LOW HITPOINT WARNING * * *
You climb upwards.
Reactivating autopickup.
There is a stone staircase leading down here.
Deactivating autopickup; reactivate with Ctrl-A.
You miss something. The orc barely misses you.
Something hits you but does no damage.
You closely miss something. Something hits you but does no damage.
The orc closely misses you. Something hits you.
* * * LOW HITPOINT WARNING * * *
The orc closely misses you.
You hit something.
Reactivating autopickup.
You feel a bit more experienced. The orc hits you with a +0 hand axe.
You die...

#.### #..###)##............
##.######..(...).##.#.......
#.........(..)#####.......##
##########..#.# #.........
#.......# #..#.......
#.......# ##. ####....
#.......##.. #....
#.....).#.. #....
#....@o.#.# #....
#.......#.# #####
#######...# #####


You could see an orc.

Vanquished Creatures
  An orc wizard (D:2)
  An adder (D:2)
  An ooze (D:1)
  A worm (D:2)
  4 dart slugs
  A leopard gecko (D:1)
  2 giant cockroaches (D:1)
  7 goblins
  5 hobgoblins
  5 jackals (D:2)
  A quokka (D:2)
  8 bats
  5 frilled lizards
  6 kobolds
  8 rats
56 creatures vanquished.

Notes
Turn   | Place    | Note
-------+----------+-------------------------------------------
     0 | D:1      | Borgoz the Gargoyle Gladiator began the quest for the Orb.
     0 | D:1      | Reached XP level 1. HP: 12/12 MP: 1/1
    96 | D:1      | Reached XP level 2. HP: 10/18 MP: 2/2
   350 | D:1      | Reached XP level 3. HP: 17/22 MP: 3/3
   812 | D:2      | Reached skill level 1 in Armour
   925 | D:2      | Reached XP level 4. HP: 20/27 MP: 4/4
  1356 | D:2      | HP: 1/27 [something (3)]
  1357 | D:2      | Slain by an orc

Levels and vault maps discovered:
D:1:      minmay_arrival_up_and_down, layout_loops_ring, serial_bayou_pond_b,
          minmay_heptomino_l4
D:2:      layout_rooms
D:3:      layout_basic, minitemple, uniq_crazy_yiuf_cottage, uniq_jessica

Skill      XL: |  1  2  3 |
---------------+----------+-----
Armour         | 1 |  1.5
Dodging        | 3 |  3.3
Fighting       | |  2.9
Maces & Flails | |  3.9
Throwing       | |  1.7

Action                   |  1- 3 |  4- 6 || total
-------------------------+-------+-------++-------
Melee: Flail             |   114 |    47 ||   161
 Stab: Sleeping          |     1 |       ||     1
  Eat: Chunk             |       |     2 ||     2
Armor: Leather armour    |    59 |    36 ||    95
Dodge: Dodged            |    88 |    58 ||   146

Table legend:
 A = Non-vault XP
 B = Vault XP
 C = Vault XP percentage of total XP
 D = Non-vault monster count
 E = Vault monster count
 F = Vault count percentage of total count
                 A         B        C        D         E       F
            +---------+---------+-------+---------+---------+-------
      Total |     147 |      10 |   6.4 |      49 |       7 |  12.5
            +---------+---------+-------+---------+---------+-------
        D:1 |      30 |      10 |  25.0 |      16 |       7 |  30.4
        D:2 |     117 |       0 |   0.0 |      33 |       0 |   0.0
            +---------+---------+-------+---------+---------+-------
